| TOP OF THE 1ST |
|
Pulaski Yankees batting - Pitching for Greeneville Astros : LHP Frank Vazquez
|
|
Pitching: LHP Frank Vazquez
|
|
|
Batting: RHB Jim O'Dwyer
|
0-0: Called Strike 0-1: SINGLE (Groundball, 4D, EV 102.5 MPH)
|
|
Batting: SHB Dylan Best
|
0-0: Foul Ball, location: 2F 0-1: Ball 1-1: Ball 2-1: Ball 3-1: Base on Balls Jim O'Dwyer to second
|
|
Batting: RHB Paul Ngumi
|
0-0: Called Strike 0-1: Foul Ball, location: 2F 0-2: Strikes out swinging
|
|
Batting: RHB Ken Stair
|
0-0: Swinging Strike 0-1: Called Strike 0-2: Ball 1-2: Strikes out swinging
|
|
Batting: RHB Jonathan Feldstein
|
0-0: Called Strike 0-1: Called Strike 0-2: Strikes out swinging
|
| Top of the 1st over - 0 runs, 1 hit, 0 errors, 2 left on base; Pulaski 0 - Greeneville 0 |
| BOTTOM OF THE 1ST |
|
Greeneville Astros batting - Pitching for Pulaski Yankees : RHP Tim Berberich
|
|
Pitching: RHP Tim Berberich
|
|
|
Batting: LHB Josh Glass
|
0-0: Ball 1-0: Ball 2-0: Foul Ball, location: 2F 2-1: Foul Ball, location: 2F 2-2: Ground out 5-3 (Groundball, 56S, EV 93.1 MPH)
|
|
Batting: RHB Bill Borden
|
0-0: Called Strike 0-1: Swinging Strike 0-2: Ball 1-2: Ball 2-2: Strikes out looking
|
|
Batting: LHB Vecdi Hodensack
|
0-0: Ball 1-0: Ground out 4-3 (Groundball, 4, EV 81.9 MPH)
|
| Bottom of the 1st over - 0 runs, 0 hits, 0 errors, 0 left on base; Pulaski 0 - Greeneville 0 |
| TOP OF THE 2ND |
|
Pulaski Yankees batting - Pitching for Greeneville Astros : LHP Frank Vazquez
|
|
Batting: LHB Dave Ortiz
|
0-0: SINGLE (Groundball, 4MD, EV 98.1 MPH)
|
|
Batting: RHB Bailey Hays
|
0-0: Ball 1-0: Called Strike 1-1: Swinging Strike 1-2: Strikes out swinging
|
|
Batting: RHB Scott Cuff
|
0-0: Called Strike 0-1: Ball 1-1: Swinging Strike 1-2: Ball 2-2: Ball 3-2: Strikes out looking
|
|
Batting: RHB Juan Perez
|
0-0: Ball 1-0: Ball 2-0: Swinging Strike 2-1: Called Strike 2-2: Strikes out swinging
|
| Top of the 2nd over - 0 runs, 1 hit, 0 errors, 1 left on base; Pulaski 0 - Greeneville 0 |
| BOTTOM OF THE 2ND |
|
Greeneville Astros batting - Pitching for Pulaski Yankees : RHP Tim Berberich
|
|
Batting: RHB Hugo Priego
|
0-0: Foul Ball, location: 2F 0-1: Swinging Strike 0-2: Ball 1-2: Strikes out swinging
|
|
Batting: LHB Guadalupe Gonzalez
|
0-0: Called Strike 0-1: Ball 1-1: Swinging Strike 1-2: Strikes out swinging
|
|
Batting: RHB Jamie Walker
|
0-0: Fly out, F9 (Flyball, 9, EV 83.8 MPH)
|
| Bottom of the 2nd over - 0 runs, 0 hits, 0 errors, 0 left on base; Pulaski 0 - Greeneville 0 |
| TOP OF THE 3RD |
|
Pulaski Yankees batting - Pitching for Greeneville Astros : LHP Frank Vazquez
|
|
Batting: RHB Jim O'Dwyer
|
0-0: Ball 1-0: Swinging Strike 1-1: Ball 2-1: Swinging Strike 2-2: Strikes out swinging
|
|
Batting: SHB Dylan Best
|
0-0: Ball 1-0: Called Strike 1-1: Foul Ball, location: 2F 1-2: Foul Ball, location: 2F 1-2: Ball 2-2: Ball 3-2: Strikes out swinging
|
|
Batting: RHB Paul Ngumi
|
0-0: Called Strike 0-1: Swinging Strike 0-2: Strikes out swinging
|
| Top of the 3rd over - 0 runs, 0 hits, 0 errors, 0 left on base; Pulaski 0 - Greeneville 0 |
| BOTTOM OF THE 3RD |
|
Greeneville Astros batting - Pitching for Pulaski Yankees : RHP Tim Berberich
|
|
Batting: RHB Fernando Acosta
|
0-0: Called Strike 0-1: Called Strike 0-2: Foul Ball, location: 2F 0-2: Strikes out swinging
|
|
Batting: LHB Casper Significant
|
0-0: Called Strike 0-1: Ball 1-1: Swinging Strike 1-2: SOLO HOME RUN (Flyball, 7D, EV 97.5 MPH), Distance : 375 ft
|
|
Batting: LHB Gong Tow
|
0-0: Ball 1-0: Ball 2-0: Called Strike 2-1: Ball 3-1: Base on Balls
|
|
Batting: LHB Josh Glass
|
0-0: Called Strike Gong Tow steals 2nd, throwing error, E2 Gong Tow to third 0-1: Swinging Strike 0-2: Foul Ball, location: 2F 0-2: Foul Ball, location: 2F 0-2: Ball 1-2: Foul Ball, location: 2F 1-2: Ball 2-2: Ball 3-2: Fly out, F5 (Popup, 56, EV 61.2 MPH)
|
|
Batting: RHB Bill Borden
|
0-0: Ball 1-0: Called Strike 1-1: Called Strike 1-2: Fly out, F8 (Flyball, 78M, EV 92.5 MPH)
|
| Bottom of the 3rd over - 1 run, 1 hit, 1 error, 1 left on base; Pulaski 0 - Greeneville 1 |
| TOP OF THE 4TH |
|
Pulaski Yankees batting - Pitching for Greeneville Astros : LHP Frank Vazquez
|
|
Batting: RHB Ken Stair
|
0-0: Ball 1-0: Foul Ball, location: 2F 1-1: Ball 2-1: Ball 3-1: Ground out 4-3 (Groundball, 4, EV 78.8 MPH)
|
|
Batting: RHB Jonathan Feldstein
|
0-0: SINGLE (Line Drive, 4MD, EV 96.2 MPH)
|
|
Batting: LHB Dave Ortiz
|
0-0: Ball 1-0: SINGLE (Groundball, 34S, EV 81.9 MPH) (infield hit) Jonathan Feldstein to second
|
|
Batting: RHB Bailey Hays
|
0-0: Called Strike 0-1: Foul Ball, location: 2F 0-2: Foul Ball, location: 2F 0-2: Ball 1-2: Ball 2-2: Ball 3-2: Strikes out swinging
|
|
Batting: RHB Scott Cuff
|
0-0: Ball 1-0: Swinging Strike 1-1: Foul Ball, location: 2F 1-2: Ball 2-2: Ball 3-2: Base on Balls Jonathan Feldstein to third Dave Ortiz to second
|
|
Batting: RHB Juan Perez
|
0-0: Ball 1-0: Ground out 4-3 (Groundball, 4, EV 102.5 MPH)
|
| Top of the 4th over - 0 runs, 2 hits, 0 errors, 3 left on base; Pulaski 0 - Greeneville 1 |
| BOTTOM OF THE 4TH |
|
Greeneville Astros batting - Pitching for Pulaski Yankees : RHP Tim Berberich
|
|
Batting: LHB Vecdi Hodensack
|
0-0: Ball 1-0: Foul Ball, location: 2F 1-1: Ball 2-1: SINGLE (Line Drive, 5D, EV 95.6 MPH)
|
|
Batting: RHB Hugo Priego
|
0-0: Ball 1-0: Ball 2-0: Fielders Choice at 2nd, 1-6 (Groundball, 34S, EV 67.5 MPH)
|
|
Batting: LHB Guadalupe Gonzalez
|
0-0: Fly out, F9 (Flyball, 89M, EV 90.0 MPH)
|
|
Batting: RHB Jamie Walker
|
0-0: Fielders Choice at 2nd, 5-4 (Groundball, 56, EV 85.6 MPH)
|
| Bottom of the 4th over - 0 runs, 1 hit, 0 errors, 1 left on base; Pulaski 0 - Greeneville 1 |
| TOP OF THE 5TH |
|
Pulaski Yankees batting - Pitching for Greeneville Astros : LHP Frank Vazquez
|
|
Batting: RHB Jim O'Dwyer
|
0-0: Ball 1-0: Called Strike 1-1: Swinging Strike 1-2: Strikes out looking
|
|
Batting: SHB Dylan Best
|
0-0: Called Strike 0-1: Ball 1-1: Ball 2-1: Swinging Strike 2-2: Fly out, F7 (Flyball, 7LS, EV 89.4 MPH)
|
|
Batting: RHB Paul Ngumi
|
0-0: Ball 1-0: Ball 2-0: Called Strike 2-1: Ball 3-1: Foul Ball, location: 2F 3-2: Foul Ball, location: 2F 3-2: Ground out 4-3 (Groundball, 4, EV 86.9 MPH)
|
| Top of the 5th over - 0 runs, 0 hits, 0 errors, 0 left on base; Pulaski 0 - Greeneville 1 |
| BOTTOM OF THE 5TH |
|
Greeneville Astros batting - Pitching for Pulaski Yankees : RHP Tim Berberich
|
|
Batting: RHB Fernando Acosta
|
0-0: Swinging Strike 0-1: Foul Ball, location: 2F 0-2: Ball 1-2: Ground out 4-3 (Groundball, 4S, EV 86.9 MPH)
|
|
Batting: LHB Casper Significant
|
0-0: Called Strike 0-1: Called Strike 0-2: Ball 1-2: Ball 2-2: Strikes out swinging
|
|
Batting: LHB Gong Tow
|
0-0: Ball 1-0: Ball 2-0: Ground out 3-1 (Groundball, 13, EV 83.1 MPH)
|
| Bottom of the 5th over - 0 runs, 0 hits, 0 errors, 0 left on base; Pulaski 0 - Greeneville 1 |
| TOP OF THE 6TH |
|
Pulaski Yankees batting - Pitching for Greeneville Astros : LHP Frank Vazquez
|
|
Pitching: LHP Jordan Garcia
|
|
|
Batting: RHB Ken Stair
|
0-0: Foul Ball, location: 2F 0-1: Ball 1-1: Ball 2-1: Foul Ball, location: 2F 2-2: Foul Ball, location: 2F 2-2: Strikes out looking
|
|
Batting: RHB Jonathan Feldstein
|
0-0: Called Strike 0-1: Called Strike 0-2: Strikes out looking
|
|
Batting: LHB Dave Ortiz
|
0-0: SINGLE (Groundball, 34D, EV 98.8 MPH)
|
|
Batting: RHB Bailey Hays
|
0-0: Ball 1-0: Ball 2-0: Called Strike 2-1: Called Strike 2-2: Ball 3-2: Strikes out looking
|
| Top of the 6th over - 0 runs, 1 hit, 0 errors, 1 left on base; Pulaski 0 - Greeneville 1 |
| BOTTOM OF THE 6TH |
|
Greeneville Astros batting - Pitching for Pulaski Yankees : RHP Tim Berberich
|
|
Batting: LHB Josh Glass
|
0-0: Foul Ball, location: 2F 0-1: Swinging Strike 0-2: Ball 1-2: Ball 2-2: Foul Ball, location: 2F 2-2: Ball 3-2: Base on Balls
|
|
Batting: RHB Bill Borden
|
0-0: Fielders Choice at 2nd, 1-4 (Groundball, 15S, EV 68.8 MPH)
|
|
Batting: LHB Vecdi Hodensack
|
0-0: Ball 1-0: Ball 2-0: Ball 3-0: Base on Balls Bill Borden to second
|
|
Batting: RHB Hugo Priego
|
0-0: Called Strike 0-1: Swinging Strike 0-2: Strikes out swinging
|
|
Batting: LHB Guadalupe Gonzalez
|
0-0: Foul Ball, location: 2F 0-1: Ball 1-1: Ball 2-1: Fly out, F8 (Line Drive, 8LD, EV 89.4 MPH)
|
| Bottom of the 6th over - 0 runs, 0 hits, 0 errors, 2 left on base; Pulaski 0 - Greeneville 1 |
| TOP OF THE 7TH |
|
Pulaski Yankees batting - Pitching for Greeneville Astros : LHP Jordan Garcia
|
|
Batting: RHB Scott Cuff
|
0-0: Ball 1-0: Called Strike 1-1: Ball 2-1: Ball 3-1: Base on Balls
|
|
Batting: RHB Juan Perez
|
0-0: Sac Bunt to 23 - play at first, batter safe! Scott Cuff to second
|
|
Pitching: LHP Chase Smith
|
|
|
Batting: RHB Jim O'Dwyer
|
0-0: Ball 1-0: Ball 2-0: Foul Ball, location: 2F 2-1: Foul Ball, location: 2F 2-2: Strikes out looking
|
|
Pinch Hitting: RHB Yasuoka Tsuda
|
0-0: Ball 1-0: Foul Ball, location: 2F 1-1: Swinging Strike 1-2: Fly out, F2 (Popup, 2RF, EV 92.5 MPH)
|
|
Batting: RHB Paul Ngumi
|
0-0: Ball 1-0: SINGLE (Line Drive, 4D, EV 98.1 MPH) Scott Cuff to third Juan Perez to second Runner from 3rd tries for Home, SAFE, throw by CF to home
|
|
Batting: RHB Ken Stair
|
0-0: Called Strike 0-1: Foul Ball, location: 2F 0-2: Ball 1-2: Fielders Choice at 2nd, 6-4 (Groundball, 6, EV 79.4 MPH)
|
| Top of the 7th over - 1 run, 2 hits, 0 errors, 2 left on base; Pulaski 1 - Greeneville 1 |
| BOTTOM OF THE 7TH |
|
Greeneville Astros batting - Pitching for Pulaski Yankees : RHP Tim Berberich
|
|
Now in CF: Troy Jones
|
|
|
Batting: RHB Jamie Walker
|
0-0: Ball 1-0: Ground out 2-3 (Groundball, 15S, EV 66.9 MPH)
|
|
Batting: RHB Fernando Acosta
|
0-0: Ball 1-0: Ball 2-0: Called Strike 2-1: Ground out U3 (Groundball, 34, EV 82.5 MPH)
|
|
Batting: LHB Casper Significant
|
0-0: Called Strike 0-1: Ball 1-1: Called Strike 1-2: Ball 2-2: Ground out 5-3 (Groundball, 56, EV 83.8 MPH)
|
| Bottom of the 7th over - 0 runs, 0 hits, 0 errors, 0 left on base; Pulaski 1 - Greeneville 1 |
| TOP OF THE 8TH |
|
Pulaski Yankees batting - Pitching for Greeneville Astros : LHP Chase Smith
|
|
Batting: RHB Jonathan Feldstein
|
0-0: Ball 1-0: Fly out, F4 (Popup, 4M, EV 76.9 MPH)
|
|
Batting: LHB Dave Ortiz
|
0-0: Ball 1-0: Foul Ball, location: 2F 1-1: Ball 2-1: SINGLE (Line Drive, 9LS, EV 88.1 MPH)
|
|
Batting: RHB Bailey Hays
|
0-0: Called Strike 0-1: Ball 1-1: Swinging Strike 1-2: Grounds into double play, 5-4-3 (Groundball, 56S, EV 90.0 MPH)
|
| Top of the 8th over - 0 runs, 1 hit, 0 errors, 0 left on base; Pulaski 1 - Greeneville 1 |
| BOTTOM OF THE 8TH |
|
Greeneville Astros batting - Pitching for Pulaski Yankees : RHP Tim Berberich
|
|
Batting: LHB Gong Tow
|
0-0: Ball 1-0: SOLO HOME RUN (Flyball, 89XD, EV 99.4 MPH), Distance : 380 ft
|
|
Pitching: RHP Zack Young
|
|
|
Batting: LHB Josh Glass
|
0-0: Called Strike 0-1: Ball 1-1: Ball 2-1: Foul Ball, location: 2F 2-2: Ball 3-2: SOLO HOME RUN (Line Drive, 78XD, EV 101.2 MPH), Distance : 413 ft
|
|
Batting: RHB Bill Borden
|
0-0: Fly out, F7 (Line Drive, 7, EV 94.4 MPH)
|
|
Batting: LHB Vecdi Hodensack
|
0-0: Ball 1-0: Foul Ball, location: 2F 1-1: Ground out U3 (Groundball, 3L, EV 85.0 MPH)
|
|
Batting: RHB Hugo Priego
|
0-0: Ball 1-0: Called Strike 1-1: Foul Ball, location: 2F 1-2: Ball 2-2: Foul Ball, location: 2F 2-2: Ground out 4-3 (Groundball, 4, EV 85.6 MPH)
|
| Bottom of the 8th over - 2 runs, 2 hits, 0 errors, 0 left on base; Pulaski 1 - Greeneville 3 |
| TOP OF THE 9TH |
|
Pulaski Yankees batting - Pitching for Greeneville Astros : LHP Chase Smith
|
|
Pitching: RHP Tim Williams
|
|
|
Pinch Hitting: LHB Chris Viehman
|
0-0: Called Strike 0-1: Fly out, F9 (Flyball, 89D, EV 76.2 MPH)
|
|
Pinch Hitting: LHB Victor Reyna
|
0-0: Ball 1-0: Called Strike 1-1: Ground out 5-3 (Groundball, 56S, EV 92.5 MPH)
|
|
Batting: RHB Jim O'Dwyer
|
0-0: Ball 1-0: Foul Ball, location: 2F 1-1: Fly out, F7 (Flyball, 7D, EV 94.4 MPH)
|
| Top of the 9th over - 0 runs, 0 hits, 0 errors, 0 left on base; Pulaski 1 - Greeneville 3 |
|